 Dungeon Crawl Stone Soup version 0.29.0-7-g18a832c13a (webtiles) character file.

Game seed: 6243404321337329735

1381 apoch the Shield-Bearer (level 8, -9/65 HPs)
             Began as a Formicid Fighter on Aug 31, 2022.
             Was an Initiate of Gozag.
             Mangled by an ogre
             ... wielding a +0 giant club
              (15 damage)
             ... on level 6 of the Dungeon.
             The game lasted 00:17:09 (7458 turns).

apoch the Shield-Bearer (Formicid Fighter)          Turns: 7458, Time: 00:17:09

Health: -9/65      AC: 11    Str: 22    XL:     8   Next: 99%
Magic:  0/8        EV:  7    Int:  9    God:    Gozag
Gold:   1684       SH: 10    Dex: 13    Spells: 7/7 levels left

rFire   . . .      SeeInvis +   a - +1 trident
rCold   . . .      Faith    .   l - +0 kite shield
rNeg    + . .      Spirit   +   i - +1 chain mail {rN+}
rPois   .          Reflect  .   (helmet unavailable)
rElec   .          Harm     .   (no cloak)
rCorr   .          Rampage  .   (no gloves)
Will    +....                   (no boots)
Stlth   ..........              k - amulet of guardian spirit
HPRegen 0.20/turn               m - ring of willpower
MPRegen 0.11/turn               (no ring)

@: no status effects
A: permanent stasis, dig shafts and tunnels, antennae 3, four strong arms
a: Dig, Shaft Self, Renounce Religion, Potion Petition, Call Merchant, Bribe
Branch


You were on level 6 of the Dungeon.
You worshipped Gozag.
Gozag was most pleased with you.
You visited 1 branch of the dungeon, and saw 6 of its levels.
You also visited: Sewer.

You collected 1684 gold pieces.

Inventory:

Hand Weapons
 a - a +1 trident (weapon)
Missiles
 b - a boomerang of dispersal
 n - 4 poisoned darts
Armour
 i - a +1 chain mail of positive energy (worn)
 l - a +0 kite shield (worn)
 r - a +0 tower shield
Jewellery
 k - an amulet of guardian spirit (around neck)
 m - a ring of willpower (left hand)
 A - a ring of protection from fire
Wands
 d - a wand of light (2)
Scrolls
 c - a scroll of fear
 f - 3 scrolls of enchant weapon
 g - 3 scrolls of vulnerability
 j - 2 scrolls of enchant armour
 p - a scroll of torment
 y - a scroll of identify
 z - a scroll of butterflies
Potions
 h - 5 potions of magic
 o - 2 potions of mutation
 q - 2 potions of lignification
 s - a potion of attraction
 t - a potion of brilliance {unknown}
 u - a potion of berserk rage {unknown}
 v - a potion of haste {unknown}
 w - 2 potions of might
 x - a potion of degeneration {unknown}


   Skills:
 + Level 6.5 Fighting
 + Level 5.5 Polearms
 + Level 6.5 Armour
 + Level 7.9 Shields


You had 7 spell levels left.
You didn't know any spells.
Your spell library contained the following spells:

 Spells                   Type           Power      Damage    Failure   Level
 Apportation              Tloc           0%         N/A       99%         1
 Freeze                   Ice            0%         1d3       99%         1
 Sandblast                Erth           0%         2d4       99%         1
 Passwall                 Tmut/Erth      0%         N/A       100%        2
 Call Canine Familiar     Summ           0%         N/A       100%        3
 Frozen Ramparts          Ice            0%         1d1       100%        3
 Gell's Gravitas          Tloc           0%         N/A       100%        3
 Lesser Beckoning         Tloc           0%         N/A       100%        3
 Portal Projectile        Hex/Tloc       0%         N/A       100%        3
 Stone Arrow              Conj/Erth      0%         3d7       100%        3
 Teleport Other           Tloc           0%         N/A       100%        3
 Hailstorm                Conj/Ice       0%         3d3       100%        4
 Leda's Liquefaction      Hex/Erth       0%         N/A       100%        4
 Alistair's Intoxication  Tmut/Pois      0%         N/A       100%        5


Dungeon Overview and Level Annotations

Branches:
Dungeon (6/15)              Sewer (visited)
 Temple: D:4-7

Altars:
Gozag
Xom

Shops:
D:1 [


Innate Abilities, Weirdness & Mutations

You cannot be hasted, slowed, berserked, paralysed or teleported.
You can dig through walls and to a lower floor.
You have a pair of large antennae on your head. (SInv)
Your four strong arms can wield two-handed weapons with a shield.


Message History

A - a ring of protection from fire An ogre comes into view.
It is wielding a +0 giant club.
An ogre comes into view. It is wielding a +0 giant spiked club.
The ogre shouts!
You block the ogre's attack.
You barely miss the ogre. You hit the ogre but do no damage.
The ogre barely misses you.
You barely miss the ogre.
The ogre hits you with a +0 giant club!!
You puncture the ogre!
The ogre is moderately wounded.
You block the ogre's attack. x2
You hit the ogre.
The ogre is moderately wounded.
The ogre hits you with a +0 giant spiked club!!
The ogre attacks as you move away! The ogre closely misses you.
You are too injured to fight recklessly!
You hit the ogre.
The ogre is heavily wounded.
The ogre hits you with a +0 giant club.
You completely miss the ogre.
The ogre is heavily wounded.
You hit the ogre.
The ogre is heavily wounded.
The ogre hits you with a +0 giant club!!
* * * LOW HITPOINT WARNING * * *
Unknown command.
You feel much better. You block the ogre's attack.
Okay, then.
You barely miss the ogre.
The ogre is heavily wounded.
The ogre hits you with a +0 giant club!
* * * LOW HITPOINT WARNING * * *
You puncture the ogre!
The ogre is almost dead.
You closely miss the ogre.
The ogre is almost dead.
The ogre hits you with a +0 giant club!
You die...
Your body crumbles into a pile of gold.

P~~~# ♣~≈~P♣#
~~~~~~# ~P.~~♣
.....#
##.....#
#O.....# #O#
##@#######
#.........
#####
####.########
#.>.#####....#
#.........####
#...#######
##.## ##.##
#...#


You could see 2 ogres.

Vanquished Creatures
  3 ogres
  3 bullfrogs
  A gnoll sergeant (D:4)
  2 scorpions
  2 howler monkeys (D:4)
  3 jellies
  A hound (D:4)
  Ijyb (D:3)
  Terence (D:3)
  2 orc wizards
  4 iguanas
  3 gnolls (D:5)
  20 adders
  5 river rats (Sewer)
  2 worms
  2 dart slugs
  19 orcs
  6 endoplasms
  7 giant cockroaches
  3 goblins
  3 hobgoblins
  8 quokkas
  23 ball pythons
  3 bats
  4 frilled lizards
  8 kobolds
  30 rats
169 creatures vanquished.

Vanquished Creatures (others)
  13 plants (D:6)
13 creatures vanquished.

Grand Total: 182 creatures vanquished

Notes
Turn   | Place    | Note
-------+----------+-------------------------------------------
     0 | D:1      | apoch the Formicid Fighter began the quest for the Orb.
     0 | D:1      | Reached XP level 1. HP: 18/18 MP: 1/1
    83 | D:1      | Reached XP level 2. HP: 24/24 MP: 2/2
   352 | D:1      | Found Democ's Antique Armour Shoppe.
   516 | D:1      | Found a faded altar of an unknown god.
   590 | D:1      | Prayed at the altar of an unknown god.
   590 | D:1      | Became a worshipper of Gozag Ym Sagoz the Greedy
   720 | D:2      | Reached XP level 3. HP: 29/29 MP: 3/3
  1111 | D:2      | Reached XP level 4. HP: 37/37 MP: 4/4
  1702 | D:3      | Noticed Ijyb
  1724 | D:3      | Killed Ijyb
  1725 | D:3      | Reached skill level 5 in Shields
  1725 | D:3      | Reached XP level 5. HP: 7/42 MP: 5/5
  2172 | D:3      | Noticed Terence
  2187 | D:3      | Killed Terence
  2711 | D:4      | Identified a scroll of acquirement
  2711 | D:4      | Acquired 492 gold pieces
  2903 | D:4      | Reached XP level 6. HP: 49/49 MP: 6/6
  3484 | D:4      | Reached XP level 7. HP: 55/55 MP: 7/7
  3688 | D:4      | Reached skill level 5 in Fighting
  3688 | D:4      | Reached skill level 5 in Armour
  3688 | D:4      | Reached skill level 6 in Shields
  3957 | D:5      | Entered Level 5 of the Dungeon
  4898 | D:5      | Reached XP level 8. HP: 61/63 MP: 8/8
  4933 | D:5      | Reached skill level 7 in Shields
  5298 | D:5      | Found a shimmering altar of Xom.
  5600 | D:4      | Reached skill level 5 in Polearms
  6449 | D:6      | Found a glowing drain.
  6540 | Sewer    | Entered a sewer
  7103 | Sewer    | HP: 1/64 [bullfrog (6)]
  7454 | D:6      | HP: 1/65 [ogre/+0 giant club (22)]
  7458 | D:6      | Mangled by an ogre

Illustrated notes

Levels and vault maps discovered:
D:1:      dpeg_arrival_rooms_with_view, layout_rooms,
          dilly_ecumenical_altar_fadedgnrine, serial_shops,
          nicolae_shop_hallway_plus
D:2:      layout_loops_ring
D:3:      layout_rooms, nicolae_underground_beach, uniq_ijyb, uniq_terence
D:4:      layout_basic
D:5:      layout_basic, dk_xom_monty_hall
D:6:      layout_loops_ring, serial_bayou, serial_bayou_pond_c,
          serial_bayou_shore_b, serial_bayou_ford_a, serial_bayou_crossing,
          serial_bayou_shore_b, portal_sewer_entry_d, uniq_grinder

Skill      XL: |  1  2  3  4  5  6  7  8 |
---------------+-------------------------+-----
Fighting       | 4 5 6 |  6.5
Armour         | 4 5 6 |  6.5
Shields        | 5 6 7 |  7.9
Polearms       | 3 4 5 |  5.5

Action                   |  1- 3 |  4- 6 |  7- 9 || total
-------------------------+-------+-------+-------++-------
Melee: Trident           |    92 |   143 |   369 ||   604
Throw: Stone             |    13 |    11 |       ||    24
       Boomerang         |       |       |    31 ||    31
 Abil: Dig               |       |       |     1 ||     1
  Use: Potion            |       |     1 |     6 ||     7
       Scroll            |       |    10 |     6 ||    16
 Stab: Distracted        |     1 |       |       ||     1
Armor: Scale mail        |    25 |    24 |       ||    49
       Chain mail        |       |    20 |   252 ||   272
Dodge: Dodged            |    35 |    45 |   130 ||   210
Block: Buckler           |    15 |    25 |    26 ||    66
       Kite shield       |       |       |   251 ||   251
